Map: Abyssal Reef LE

Players

BlueDragon - Winner!

  • Race: Protoss Protoss
  • League: Silver
  • Spawn Location: 11:00

A.I. 1 (Very Hard)

  • Race: Protoss Protoss
  • Spawn Location: 5:00

VOD

https://www.youtube.com/watch?v=FWHXNb3rmTk

Description

PvP Vray + Carrier ez victory

Time

  • Played on: March 7, 2017, 1:21 p.m.
  • Length: 17:23
Show
View Real Time Build Order
Export as new Build Order

BlueDragon Protoss - Winner!

Build Orders: 1 Gate Expand, Oracle Opening, Zealot Archon 

Get SALT Encoding   

  12  0:02  Probe (Chrono Boost)  
  13  0:13  Probe (Chrono Boost)  
  14  0:19  Pylon  
  14  0:25  Probe (Chrono Boost)  
  15  0:37  Probe (Chrono Boost)  
  15  0:40  Gateway  
  16  0:44  Assimilator  
  16  0:48  Probe (Chrono Boost)  
  17  0:58  Probe (Chrono Boost)  
  18  1:09  Probe (Chrono Boost)  
  19  1:22  Nexus  
  19  1:34  Cybernetics Core  
  19  1:42  Probe (Chrono Boost)  
  20  1:49  Pylon  
  20  1:52  Probe (Chrono Boost)  
  20  1:53  Assimilator  
  21  2:03  Probe (Chrono Boost)  
  22  2:13  Probe (Chrono Boost)  
  23  2:15  Warp Gate  
  23  2:18  Adept  
  25  2:24  Mothership Core (Chrono Boost)  
  27  2:41  Probe (Chrono Boost)  
  28  2:47  Probe (Chrono Boost)  
  29  2:56  Stargate  
  29  3:00  Gateway x2  
  29  3:02  Probe x2 (Chrono Boost)  
  31  3:12  Probe x2 (Chrono Boost)  
  33  3:16  Adept  
  35  3:23  Probe x2 (Chrono Boost)  
  37  3:31  Twilight Council  
  37  3:39  Probe (Chrono Boost)  
  37  3:40  Probe (Chrono Boost)  
  39  3:41  Oracle  
  42  3:51  Adept x2  
  46  4:00  Pylon  
  46  4:02  Pylon  
  46  4:10  Resonating Glaives  
  46  4:18  Probe (Chrono Boost), Adept  
  46  4:20  Probe (Chrono Boost)  
  50  4:25  Assimilator  
  50  4:28  Assimilator  
  50  4:29  Probe (Chrono Boost), Phoenix  
  54  4:32  Probe (Chrono Boost)  
  54  4:46  Probe (Chrono Boost)  
  54  4:47  Probe (Chrono Boost)  
  56  5:07  Phoenix  
  58  5:15  Probe (Chrono Boost)  
  58  5:16  Probe (Chrono Boost)  
  62  5:28  Probe (Chrono Boost)  
  62  5:30  Probe (Chrono Boost)  
  62  5:35  Gateway  
  62  5:36  Gateway  
  62  5:38  Gateway  
  62  5:42  Gateway  
  62  5:44  Gateway  
  62  5:47  Pylon  
  62  5:49  Pylon  
  62  6:04  Phoenix  
  64  6:23  Void Ray  
  64  6:30  Probe (Chrono Boost)  
  64  6:31  Stargate  
  64  6:32  Probe (Chrono Boost)  
  70  7:00  Void Ray  
  70  7:02  Fleet Beacon  
  70  7:06  Pylon  
  70  7:07  Pylon  
  74  7:37  Void Ray  
  78  8:15  Void Ray  
  79  8:50  Void Ray  
  79  8:52  Void Ray  
  79  9:07  Adept x4  
  79  9:08  Adept  
  79  9:09  Nexus  
  89  9:12  Pylon  
  89  9:14  Pylon  
  89  9:15  Pylon  
  89  9:21  Stargate  
  89  9:22  Stargate  
  85  9:25  Carrier  
  85  9:30  Carrier  
  95  10:25  Void Ray  
  95  10:27  Nexus, Void Ray  
  103  10:29  Pylon  
  103  10:30  Pylon  
  103  10:32  Pylon  
  103  10:39  Assimilator  
  103  10:40  Carrier  
  103  10:41  Assimilator  
  103  10:44  Carrier  
  115  11:02  Void Ray  
  115  11:10  Pylon  
  119  11:12  Pylon  
  119  11:13  Pylon  
  119  11:20  Carrier  
  125  11:39  Void Ray  
  129  12:00  Void Ray  
  129  12:04  Void Ray  
  133  12:11  Carrier  
  111  13:30  Void Ray  
  111  13:31  Void Ray x2  
  109  13:36  Void Ray  
  111  15:19  Void Ray  
  111  15:20  Void Ray x2  
  111  15:26  Void Ray  
  127  15:51  Carrier x3  
Show
View Real Time Build Order
Export as new Build Order

A.I. 1 (Very Hard) Protoss 

Build Orders: 1 Gate Expand 

Get SALT Encoding   

  12  0:01  Probe (Chrono Boost)  
  13  0:11  Probe (Chrono Boost)  
  14  0:20  Pylon  
  14  0:22  Probe (Chrono Boost)  
  15  0:38  Probe (Chrono Boost)  
  16  0:49  Probe (Chrono Boost)  
  17  0:51  Gateway  
  17  0:59  Probe (Chrono Boost)  
  18  1:07  Assimilator  
  18  1:10  Probe (Chrono Boost)  
  19  1:11  Pylon  
  19  1:20  Probe (Chrono Boost)  
  20  1:31  Nexus  
  20  1:45  Cybernetics Core  
  20  1:46  Probe (Chrono Boost)  
  21  1:50  Zealot  
  23  2:06  Gateway  
  23  2:08  Probe (Chrono Boost)  
  24  2:16  Pylon  
  24  2:19  Probe (Chrono Boost)  
  24  2:22  Zealot  
  25  2:23  Warp Gate  
  28  2:30  Probe (Chrono Boost)  
  28  2:39  Assimilator  
  28  2:41  Probe (Chrono Boost)  
  30  2:44  Probe (Chrono Boost)  
  30  2:50  Adept  
  29  2:52  Probe (Chrono Boost)  
  29  2:57  Adept  
  32  3:03  Probe (Chrono Boost)  
  35  3:09  Pylon  
  35  3:10  Probe (Chrono Boost)  
  36  3:15  Stalker  
  39  3:21  Probe (Chrono Boost)  
  39  3:24  Probe (Chrono Boost)  
  40  3:32  Probe (Chrono Boost)  
  41  3:35  Probe (Chrono Boost)  
  41  3:38  Robotics Facility  
  41  3:40  Adept  
  42  3:45  Probe (Chrono Boost)  
  42  3:47  Probe (Chrono Boost)  
  46  3:50  Adept  
  48  3:57  Probe (Chrono Boost)  
  48  3:59  Probe (Chrono Boost)  
  50  4:05  Adept  
  50  4:08  Probe (Chrono Boost)  
  50  4:09  Pylon  
  54  4:10  Probe (Chrono Boost)  
  54  4:19  Probe (Chrono Boost)  
  54  4:21  Probe (Chrono Boost)  
  56  4:25  Immortal  
  56  4:26  Stalker  
  56  4:30  Pylon  
  63  4:32  Probe (Chrono Boost)  
  63  4:33  Probe (Chrono Boost)  
  64  4:40  Stalker  
  64  4:43  Probe (Chrono Boost)  
  64  4:45  Probe (Chrono Boost)  
  68  4:48  Robotics Facility  
  68  4:51  Stalker  
  69  4:55  Probe (Chrono Boost)  
  69  4:56  Probe (Chrono Boost)  
  63  5:06  Probe (Chrono Boost)  
  65  5:07  Probe (Chrono Boost)  
  65  5:13  Immortal  
  65  5:17  Probe (Chrono Boost)  
  65  5:18  Probe (Chrono Boost)  
  71  5:24  Twilight Council  
  71  5:28  Probe (Chrono Boost)  
  72  5:29  Probe (Chrono Boost)  
  73  5:37  Pylon  
  73  5:39  Probe (Chrono Boost)  
  73  5:40  Probe (Chrono Boost)  
  73  5:42  Assimilator  
  76  5:50  Probe (Chrono Boost), Gateway  
  76  5:54  Assimilator  
  76  5:58  Pylon  
  76  6:00  Probe (Chrono Boost)  
  76  6:02  Probe (Chrono Boost), Templar Archives  
  73  6:11  Probe (Chrono Boost), Zealot  
  73  6:13  Probe (Chrono Boost)  
  76  6:22  Probe (Chrono Boost)  
  76  6:24  Probe (Chrono Boost)  
  78  6:33  Probe (Chrono Boost)  
  78  6:35  Probe (Chrono Boost)  
  78  6:36  Sentry  
  78  6:37  Forge  
  82  6:41  Pylon, Nexus, Stalker  
  82  6:45  High Templar, Probe (Chrono Boost)  
  82  6:46  Probe (Chrono Boost)  
  88  6:57  Probe (Chrono Boost)  
  88  6:58  High Templar  
  91  7:02  Pylon, Stalker  
  91  7:06  Pylon  
  91  7:08  Pylon  
  93  7:09  Observer  
  93  7:14  Stalker  
  96  7:15  Archon  
  94  7:23  High Templar  
  94  7:26  Photon Cannon  
  94  7:27  Sentry  
  94  7:28  Probe (Chrono Boost)  
  98  7:30  Probe (Chrono Boost)  
  98  7:32  Pylon  
  98  7:36  Stalker  
  99  7:40  Probe (Chrono Boost)  
  99  7:41  Pylon  
  99  7:43  Pylon  
  100  7:46  Pylon  
  100  7:49  Sentry  
  102  7:51  Forge  
  102  7:54  Stalker  
  102  7:55  Probe x2 (Chrono Boost)  
  102  7:56  Probe (Chrono Boost)  
  102  7:58  High Templar  
  109  8:01  Assimilator  
  110  8:06  Probe (Chrono Boost)  
  110  8:07  Probe x2 (Chrono Boost), Assimilator  
  110  8:11  Stalker  
  114  8:15  Stalker  
  114  8:17  Probe (Chrono Boost)  
  114  8:18  Probe (Chrono Boost)  
  114  8:19  Probe (Chrono Boost)  
  108  8:28  Stalker  
  108  8:29  Probe (Chrono Boost)  
  108  8:30  Probe x2 (Chrono Boost)  
  108  8:31  Psionic Storm  
  108  8:32  Sentry  
  111  8:40  Probe (Chrono Boost)  
  112  8:41  Probe (Chrono Boost)  
  112  8:42  Probe (Chrono Boost)  
  112  8:43  Stalker  
  112  8:44  Protoss Ground Weapons Level 1  
  114  8:49  Protoss Ground Armor Level 1  
  114  8:51  Probe (Chrono Boost)  
  114  8:53  Probe x2 (Chrono Boost)  
  115  9:02  Probe (Chrono Boost)  
  116  9:04  Probe (Chrono Boost)  
  116  9:05  Probe (Chrono Boost), Photon Cannon  
  118  9:12  Photon Cannon  
  118  9:14  Probe (Chrono Boost)  
  118  9:15  Probe (Chrono Boost)  
  118  9:16  Pylon  
  121  9:17  Probe (Chrono Boost)  
  121  9:22  Stalker  
  121  9:26  Probe (Chrono Boost)  
  121  9:27  Probe (Chrono Boost)  
  121  9:29  Probe (Chrono Boost)  
  124  9:35  Gateway  
  124  9:37  Probe (Chrono Boost), Photon Cannon  
  124  9:38  Probe (Chrono Boost)  
  126  9:40  Probe (Chrono Boost)  
  126  9:43  Pylon  
  127  9:48  Probe (Chrono Boost)  
  127  9:49  Probe (Chrono Boost)  
  127  9:50  Immortal  
  127  9:51  Probe (Chrono Boost)  
  134  9:56  Immortal  
  139  10:00  Probe (Chrono Boost)  
  139  10:01  Probe (Chrono Boost)  
  139  10:02  Probe (Chrono Boost)  
  141  10:07  Photon Cannon  
  141  10:10  Photon Cannon  
  141  10:12  Stalker  
  141  10:13  Blink  
  143  10:15  Stalker  
  143  10:17  Zealot  
  147  10:28  Observer  
  147  10:29  Sentry  
  147  10:32  Warp Prism  
  147  10:33  Sentry  
  154  10:42  Photon Cannon  
  154  10:43  Photon Cannon  
  154  10:45  Nexus, Protoss Ground Weapons Level 2  
  154  10:47  Observer  
  155  11:03  Gateway  
  155  11:04  Warp Prism  
  155  11:08  Robotics Facility  
  157  11:13  Stargate  
  157  11:17  Immortal  
  161  11:30  Stalker  
  163  11:34  Pylon  
  163  11:36  Stalker, Immortal  
  163  11:39  Zealot  
  167  11:40  Sentry  
  173  11:55  Phoenix  
  173  11:56  Pylon  
  175  12:01  Gateway  
  175  12:02  Forge  
  175  12:08  Pylon  
  175  12:11  Pylon  
  175  12:16  Pylon  
  175  12:17  Phoenix  
  175  12:18  Probe (Chrono Boost)  
  175  12:20  Pylon, Immortal  
  176  12:23  Warp Prism  
  176  12:24  Probe (Chrono Boost)  
  177  12:30  Probe (Chrono Boost), Warp Prism  
  177  12:34  Probe (Chrono Boost)  
  177  12:35  Probe (Chrono Boost)  
  173  12:37  Probe (Chrono Boost), Pylon  
  173  12:38  Void Ray  
  173  12:41  Probe (Chrono Boost)  
  172  12:45  Pylon  
  172  12:46  Probe (Chrono Boost)  
  161  13:05  Stalker, Photon Cannon  
  157  13:10  Stalker, Sentry  
  157  13:11  High Templar  
  151  13:13  Stalker  
  151  13:16  Sentry  
  151  13:18  Void Ray  
  135  13:26  Sentry  
  131  13:31  Stalker  
  131  13:32  Stalker  
  127  13:35  Sentry  
  127  13:37  Sentry  
  127  13:41  High Templar  
  125  13:45  Assimilator  
  125  13:47  High Templar  
  115  13:48  Assimilator  
  115  13:51  Immortal  
  115  13:53  Stalker  
  115  13:54  Sentry  
  115  13:55  High Templar, Stalker, Zealot  
  113  13:56  Stalker  
  113  13:57  Pylon  
  113  13:59  Void Ray, Zealot  
  107  14:03  Probe (Chrono Boost)  
  107  14:09  Probe (Chrono Boost)  
  97  14:12  High Templar  
  97  14:13  Probe (Chrono Boost)  
  97  14:14  Stalker  
  97  14:16  Stalker  
  88  14:18  Stalker  
  88  14:19  Sentry  
  89  14:24  Probe (Chrono Boost)  
  89  14:26  High Templar, Nexus  
  81  14:37  Stalker  
  81  14:38  High Templar  
  81  14:39  Void Ray, Stalker  
  81  14:40  Adept  
  81  14:41  High Templar  
  81  14:42  Pylon  
  81  14:43  Stalker, Zealot  
  80  14:56  High Templar  
  80  14:59  Adept, Stalker  
  83  15:02  High Templar, Stalker  
  83  15:05  Pylon, Zealot  
  89  15:08  Pylon  
  81  15:14  Nexus  
  81  15:19  Sentry  
  81  15:20  Void Ray, Stalker  
  76  15:23  Archon  
  76  15:25  High Templar, Stalker  
  78  15:33  High Templar  
  53  15:43  High Templar  
  41  15:58  High Templar, Archon  
  42  16:08  High Templar  
  9  17:07  Probe (Chrono Boost)  
Tags
 
Add a new tag
Caveats
  • Supply blocks, unpowered buildings, or Contaminate may cause inaccurate times.
  • Supply counts are checked every 10 seconds.